 Dungeon Crawl Stone Soup version 0.29-a0-459-g97dee8cd24 (webtiles) character file.

Game seed: 17535354372901265356

2 joe1234567 the Chucker (level 1, 0/13 HPs)
             Began as a Human Wanderer on May 20, 2022.
             Slain by a dart slug (1 damage)
             ... on level 1 of the Dungeon.
             The game lasted 00:00:20 (66 turns).

joe1234567 the Chucker (Human Wanderer)               Turns: 66, Time: 00:00:20

Health: 0/13       AC:  2    Str:  8    XL:     1   Next: 44%
Magic:  2/2        EV: 11    Int: 15    God:
Gold:   0          SH:  0    Dex: 13    Spells: 1/2 levels left

rFire   . . .      SeeInvis .   a - +0 short sword
rCold   . . .      Faith    .   (no shield)
rNeg    . . .      Spirit   .   e - +0 robe
rPois   .          Reflect  .   (no helmet)
rElec   .          Harm     .   (no cloak)
rCorr   .          Rampage  .   (no gloves)
Will    .....                   (no boots)
Stlth   +.........              (no amulet)
HPRegen 0.04/turn               (no ring)
MPRegen 0.08/turn               (no ring)

@: no status effects
A: no striking features
a: no special abilities


You were on level 1 of the Dungeon.
You visited 1 branch of the dungeon, and saw 1 of its levels.

Inventory:

Hand Weapons
 a - a +0 short sword (weapon)
 c - a +0 dagger
Missiles
 b - 10 poisoned darts (quivered)
Armour
 e - a +0 robe (worn)
Potions
 d - a potion of lignification


   Skills:
 + Level 2.0 Short Blades
 + Level 3.2 Throwing
 + Level 1.0 Armour
 + Level 1.0 Spellcasting
 + Level 2.0 Translocations
 + Level 1.0 Invocations


You had one spell level left.
You knew the following spells:

 Your Spells              Type           Power      Damage    Failure   Level
a - Apportation           Tloc           12%        N/A       11%         1

Your spell library contained the following spells:

 Spells                   Type           Power      Damage    Failure   Level
 Lesser Beckoning         Tloc           6%         N/A       32%         3
 Portal Projectile        Hex/Tloc       6%         N/A       43%         3


Dungeon Overview and Level Annotations

Branches:
Dungeon (1/15)

Altars:


Message History

A giant cockroach comes into view.
A giant cockroach comes into view.
The giant cockroach closely misses you. The giant cockroach bites you.
You barely miss the giant cockroach.
The giant cockroach bites you but does no damage. x2
You closely miss the giant cockroach. The giant cockroach barely misses you.
The giant cockroach bites you.
You hit the giant cockroach.
The giant cockroach is heavily wounded.
The giant cockroach bites you. The giant cockroach barely misses you.
You hit the giant cockroach.
You kill the giant cockroach!
The giant cockroach bites you but does no damage.
A dart slug comes into view.
The giant cockroach closely misses you.
You see here a giant cockroach corpse.
The giant cockroach bites you.
The giant cockroach bites you but does no damage.
You hit the giant cockroach.
The giant cockroach is severely wounded.
The giant cockroach bites you.
You hit the giant cockroach.
You kill the giant cockroach!
You see here a giant cockroach corpse.
Found a stone staircase leading down.
Found a scroll labelled NAIKUO HIUSI.
The dart slug launches a dart at you. The slug dart hits you.
You see here a scroll labelled NAIKUO HIUSI.
The dart slug launches a dart at you. The slug dart hits you.
* * * LOW HITPOINT WARNING * * *
You hit the dart slug.
The dart slug is heavily wounded.
The dart slug misses you.
You hit the dart slug.
The dart slug is almost dead.
The dart slug bites you.
You die...

#####.##.# #..#.#..........
......##.#######.#....†##
......##.............†..#
..........#######.##.####...
......###.# ......w........
8.....# #.# #####.#.#.###..
...<..# #.# ...#.#.# .....##
#.########.#.# # .....#
#....?..@w...# .....#
##########...# ######
#.....# ###.#># #.### #.#
#.# #.# #.


You could see a dart slug.

Vanquished Creatures
  2 giant cockroaches (D:1)
2 creatures vanquished.

Notes
Turn   | Place    | Note
-------+----------+-------------------------------------------
     0 | D:1      | joe1234567 the Human Wanderer began the quest for the Orb.
     0 | D:1      | joe1234567 set off with the following items: a +0 short
                  | sword, 10 poisoned darts, a +0 dagger, a potion of
                  | lignification, a +0 robe; and the following spell
                  | memorised: Apportation; and the following spells available
                  | to memorise: Lesser Beckoning, Portal Projectile
     0 | D:1      | Reached XP level 1. HP: 13/13 MP: 2/2
    66 | D:1      | Slain by a dart slug

Illustrated notes

Levels and vault maps discovered:
D:1:      wander_arrival_lonely_grave, layout_basic

Action                   || total
-------------------------++-------
Melee: Short sword       ||     8
Armor: Robe              ||     4
Dodge: Dodged            ||     5

Table legend: (Time is in decaauts)
 A = Elapsed time spent in this place.
 B = Non-inter-level travel time spent in this place.
 C = Inter-level travel time spent in this place.
 D = Time resting spent in this place.
 E = Time spent auto-exploring this place.
 F = Levels seen in this place.
 G = Mean time per level.
                   A        B        C        D        E       F      G
               +--------+--------+--------+--------+--------+-----+--------+
         Total |     66 |     66 |      0 |      0 |      0 |   1 |   66.0 |
       Dungeon |     66 |     66 |      0 |      0 |      0 |   1 |   66.0 |
               +--------+--------+--------+--------+--------+-----+--------+

Top non-repeatable levels by time:
     D:1: 66 daAuts
